 Dungeon Crawl Stone Soup version 0.30-a0-385-gfebfb9b408 (webtiles) character file.

Game seed: 6623313813381186373

25851 themarg the Thaumaturge (level 12, -12/106 HPs)
             Began as a Pale Draconian Conjurer on Dec 1, 2022.
             Was an Elder of Vehumet.
             Shot with an arrow by a minotaur (37 damage)
             ... in a Gauntlet on Dec 2, 2022.
             The game lasted 01:07:36 (20619 turns).

themarg the Thaumaturge (Pale Draconian Conjurer)  Turns: 20619, Time: 01:07:36

Health: -12/106    AC: 12    Str: 10    XL:     12   Next: 93%
Magic:  15/23      EV: 13    Int: 22    God:    Vehumet [****..]
Gold:   679        SH:  0    Dex: 11    Spells: 16/31 levels left

rFire   . . .      SeeInvis .    J - +11 spear of Responsibility {protect, rElec}
rCold   . . .      Faith    .    (no shield)
rNeg    . . .      Spirit   .    (body armour unavailable)
rPois   +          Reflect  .    (helmet restricted)
rElec   +          Harm     .    O - +0 cloak
rCorr   .          Rampage  .    (no gloves)
Will    .....      NoTele   +    M - +2 pair of boots
Stlth   ++........               (no amulet)
HPRegen 0.37/turn                F - ring of poison resistance
MPRegen 0.18/turn                (no ring)

@: unable to drink
A: breathe steam, AC +8, unfitting armour, cold-blooded, steam resistance, low
MP 1, inability to drink after injury 1
a: Breathe Steam, Renounce Religion


You were in a Gauntlet.
You worshipped Vehumet.
Vehumet was greatly pleased with you.
You visited 3 branches of the dungeon, and saw 16 of its levels.
You also visited: Gauntlet.

You collected 904 gold pieces.
You spent 225 gold pieces at shops.

Inventory:

Hand Weapons
 I - the +6 shortbow "Ohir" {vorpal, rF+ Dex+4}
   (You found it in a Gauntlet)

   Any ammunition fired from it inflicts extra damage upon your enemies.
   Dex:       It affects your dexterity (+4).
   rF:        It protects you from fire.
 J - the +11 spear of Responsibility (weapon) {protect, rElec}
   (You found it on level 10 of the Dungeon)

   It grants its wielder temporary protection when it strikes (+7 to AC).
   rElec:     It insulates you from electricity.
 N - a +4 vorpal mace
Missiles
 c - 144 stones
 d - 6 curare-tipped darts
 m - 34 poisoned darts
 u - 6 javelins
 C - a boomerang
Armour
 M - a +2 pair of boots (worn)
 O - a +0 cloak (worn)
 R - a +0 kite shield
Jewellery
 x - a ring of fire
 F - a ring of poison resistance (left hand)
 L - an amulet of regeneration
Wands
 y - a wand of flame (25)
 A - a wand of paralysis (11)
 P - a wand of polymorph (15)
Scrolls
 a - 2 scrolls of noise
 e - 10 scrolls of teleportation
 f - 4 scrolls of brand weapon
 h - 6 scrolls of vulnerability
 i - 4 scrolls of fear
 j - 2 scrolls of amnesia
 r - 3 scrolls of butterflies
 s - a scroll of blinking
 t - 2 scrolls of poison {unknown}
 w - a scroll of enchant weapon {unknown}
 z - 2 scrolls of immolation
 B - a scroll of enchant armour {unknown}
 E - 2 scrolls of magic mapping
 H - a scroll of silence {unknown}
Potions
 b - 4 potions of haste
 g - 6 potions of degeneration
 k - 4 potions of invisibility
 l - 8 potions of flight
 n - 3 potions of heal wounds
 o - 6 potions of cancellation
 p - 7 potions of curing
 q - 5 potions of attraction
 v - a potion of ambrosia
 G - 2 potions of lignification
 K - a potion of magic
 Q - a potion of mutation {unknown}
Miscellaneous
 D - a tin of tremorstones (2/2)


   Skills:
 - Level 10.0 Fighting
 - Level 5.0 Dodging
 - Level 3.0 Stealth
 + Level 2.8 Shields
 + Level 10.3 Spellcasting
 - Level 10.0 Conjurations
 - Level 3.0 Hexes
 - Level 3.0 Summonings
 - Level 3.0 Translocations
 + Level 7.8 Air Magic
 - Level 10.0 Evocations


You had 16 spell levels left.
You knew the following spells:

 Your Spells              Type           Power      Damage    Failure   Level
a - Magic Dart            Conj           100%       1d8       1%          1
b - Searing Ray           Conj           100%       2d8       1%          2
c - Fulminant Prism       Conj/Hex       19%        3d10      1%          4
d - Iskenderun's Mystic   Conj/Tloc      39%        2d9       1%          4
e - Summon Lightning Spi  Summ/Air       35%        N/A       6%          4

Your spell library contained the following spells:

 Spells                   Type           Power      Damage    Failure   Level
 Hailstorm                Conj/Ice       33%        3d8       1%          3
 Summon Small Mammal      Summ           96%        N/A       1%          1
 Dazzling Flash           Conj/Hex       78%        N/A       1%          3
 Kindle Blastsparks       Fire/Tloc/Air  54%        2d14      1%          3
 Scorch                   Fire           22%        2d6       2%          2
 Flame Wave               Conj/Fire      33%        2d10      2%          4
 Portal Projectile        Hex/Tloc       48%        N/A       4%          3
 Summon Guardian Golem    Hex/Summ       24%        N/A       4%          3
 Tukima's Dance           Hex            24%        N/A       4%          3
 Necrotise                Necr           44%        1d6       6%          1
 Ozocubu's Armour         Ice            11%        N/A       17%         3
 Vampiric Draining        Necr           11%        2d6       17%         3
 Silence                  Hex/Air        17%        N/A       19%         5
 Orb of Destruction       Conj           26%        9d9       21%         7
 Starburst                Conj/Fire      16%        6d6       28%         6
 Leda's Liquefaction      Hex/Erth       8%         N/A       30%         4
 Lee's Rapid Deconstruct  Erth           5%         3d6*      36%         5
 Spellforged Servitor     Conj/Summ      19%        N/A       61%         7
 Agony                    Necr           11%        N/A       85%         5
 Blade Hands              Tmut           5%         N/A       85%         5
 Summon Cactus Giant      Summ           12%        N/A       95%         6
 Maxwell's Capacitive Co  Air            22%        ∞         97%         8
 Statue Form              Tmut/Erth      7%         N/A       100%        6
 Ozocubu's Refrigeration  Ice            5%         4d8       100%        7
 Storm Form               Tmut/Air       14%        N/A       100%        7
 Chain Lightning          Conj/Air       25%        3d33      100%        9


Dungeon Overview and Level Annotations

Branches:
Dungeon (11/15)            Temple (1/1) D:7            Lair (4/5) D:11
 Shoals (0/4) Lair:2        Snake (0/4) Lair:3          Orc (0/2) D:10
Gauntlet (1/1)
  Slime: Lair:4-5

Altars:
Ashenzari
Cheibriados
Dithmenos
Elyvilon
Fedhas
Gozag
Hepliaklqana
Kikubaaqudgha
Makhleb
Nemelex Xobeh
Okawaru
Qazlal
Ru
Sif Muna
Trog
Uskayaw
Vehumet
Wu Jian
Xom
Yredelemnul
Zin
The Shining One

Shops:
D:1 (   D:3 ?

Portals:
Trove: D:11 (give 16 potions of curing)

Annotations:
D:11 Harold
Lair:1 3 runed translucent doors, thurberlil's ghost, journeyman HuSu Gauntlet 12 transporters, 21 runed translucent doors, exclusion: orange crystal statue


Innate Abilities, Weirdness & Mutations

You can breathe blasts of scalding, opaque steam.
Your pale cyan-grey scales are hard. (AC +8)
You cannot fit into any form of body armour.
You are cold-blooded and may be slowed by cold attacks.
You are immune to the effects of steam.
Your magical capacity is low. (-10% MP)
You occasionally lose the ability to drink potions when taking damage.


Message History

A minotaur comes into view.
It is wielding a +0 shortbow, wearing the ring of Votheg {rC- AC+4 Dex+7 Slay+3} and quivering silver javelins.
Found a smoking brass ring.
Found a gate leading back out of this place.
Aiming: Paralyse
Press: ? - help, Shift-Dir - straight line, f - minotaur
Aim: a minotaur, wielding a +0 shortbow, wearing a +0 chain mail, wearing the ring of Votheg {rC- AC+4 Dex+7 Slay+3} and quivering silver javelins (wandering, hasn't noticed you, chance to affect: 10%)
The minotaur bellows!
The minotaur resists with almost no effort.
Okay, then.
Casting: Iskenderun's Mystic Blast (mildly dangerous; 1% risk of failure)
Confirm with . or Enter, or press ? or * to list all spells.
An electric hum fills the air.
The minotaur shoots an arrow.
The arrow hits you.
The minotaur shoots an arrow.
The arrow hits you!!
Casting: Summon Lightning Spire (dangerous; 6% risk of failure)
Confirm with . or Enter, or press ? or * to list all spells.
Aiming: Searing Ray (safe; 1% risk of failure)
Press: ? - help, Shift-Dir - straight line, f/p - minotaur
Aim: a minotaur, wielding a +0 shortbow, wearing a +0 chain mail, wearing the ring of Votheg {rC- AC+4 Dex+7 Slay+3} and quivering silver javelins (90% to hit)
The searing ray hits the minotaur but does no damage. (Press . to maintain the ray.)
The minotaur shoots an arrow.
The arrow hits you!
Casting: Searing Ray (safe; 1% risk of failure)
Confirm with . or Enter, or press ? or * to list all spells.
An electric hum fills the air.
The minotaur shoots an arrow.
The arrow hits you!
The minotaur shoots an arrow.
The arrow hits you!
The minotaur shoots an arrow.
The arrow hits you!!
You feel threatened and lose the ability to drink potions!
* * * LOW HITPOINT WARNING * * *
Press: ? - help, v - describe, . - travel
Here: a minotaur, wielding a +0 shortbow, wearing a +0 chain mail, wearing the ring of Votheg {rC- AC+4 Dex+7 Slay+3} and quivering silver javelins (ally target)
The floor, spattered with blood.
You cannot drink potions in your current state!
Aiming: Paralyse
Press: ? - help, Shift-Dir - straight line, f/p - minotaur
Aim: a minotaur, wielding a +0 shortbow, wearing a +0 chain mail, wearing the ring of Votheg {rC- AC+4 Dex+7 Slay+3} and quivering silver javelins (ally target, chance to affect: 10%)
The minotaur resists with almost no effort.
The minotaur shoots an arrow.
The arrow hits you!!!
You die...

##..⌠.# '⌠...# .H.⌠ ∩.. #.#
#######'####### #....8........#
#.###.###H###.# #.......8...@.#
###.###.###.###
#####.###.###.#####
#§...............≈#
###8..©.©.©.©.©.©..8#### ### ###
8##§...............≈##8# #8# #8#
#################################
..........≈∩≈....................
.................................


You could see a minotaur (ally target) and a friendly lightning spire
(summoned).

Vanquished Creatures
  A vault guard (D:11)
  2 two-headed ogres
  Amaemon (Lair:2)
  The ghost of Shayle the Storyteller, a novice DsRe of Hepliaklqana (D:6)
  4 black mambas
  A gargoyle (D:11)
  3 cane toads
  2 komodo dragons
  3 rime drakes
  A kobold demonologist (D:11)
  2 trolls
  Prince Ribbit (D:7)
  2 queen bees
  2 hornets
  Grinder (D:3)
  4 shadows (Gauntlet)
  Sigmund (D:3)
  2 wyverns
  29 yaks
  A chaos spawn (Gauntlet)
  A neqoxec (Gauntlet)
  A steam dragon (D:10)
  Menkaure (D:6)
  A warg (D:11)
  7 water moccasins
  5 ice beasts
  2 orc warriors
  A sky beast (D:7)
  2 black bears
  2 wolves (Lair:3)
  3 kobold brigands
  4 bullfrogs
  A necrophage (D:6)
  2 scorpions
  8 wights (D:8)
  21 killer bees
  3 electric eels (D:10)
  3 howler monkeys
  Crazy Yiuf (D:2)
  2 hounds (D:6)
  4 orc priests
  2 jellies
  Ijyb (D:3)
  13 orc wizards
  5 iguanas
  2 hell rats (Lair:3)
  Terence (D:2)
  4 gnolls
  7 adders
  A shadow imp (D:4)
  2 white imps
  3 ufetubi (D:4)
  3 worms
  2 dart slugs
  21 orcs
  4 endoplasms
  3 giant cockroaches
  7 goblins
  10 hobgoblins
  7 jackals
  17 kobolds
  4 quokkas
  7 ball pythons
  8 bats
  5 frilled lizards
  5 rats
283 creatures vanquished.

Vanquished Creatures (collateral kills)
  Rupert (Lair:3)
  A boulder beetle (D:10)
  Nergalle (Lair:2)
  2 oklob plants (Lair:1)
  A black mamba (Lair:3)
  An orange demon (Lair:2)
  2 cane toads
  A komodo dragon (Lair:2)
  A polar bear (Lair:3)
  A snapping turtle (Lair:2)
  A wraith (D:11)
  A yak (Lair:3)
  A warg (D:11)
  3 water moccasins
  6 wolves
  4 bullfrogs
  2 orc priests (D:11)
  2 orc wizards (D:11)
  3 hell rats (Lair:3)
  2 orcs (D:11)
  A kobold (D:11)
38 creatures vanquished.

Vanquished Creatures (others)
  2 demonic plants (D:4)
  18 fulminant prisms
  19 fungi
  30 plants
  A withered plant (Gauntlet)
70 creatures vanquished.

Grand Total: 391 creatures vanquished

Notes
Turn   | Place    | Note
-------+----------+-------------------------------------------
     0 | D:1      | themarg the Draconian Conjurer began the quest for the Orb.
     0 | D:1      | Reached XP level 1. HP: 14/14 MP: 3/3
     3 | D:1      | Noticed an electric eel
     6 | D:1      | Noticed an electric eel
   201 | D:1      | Found Hedown's Antique Weapon Emporium.
   395 | D:1      | Reached XP level 2. HP: 7/20 MP: 0/5
   398 | D:1      | Learned a level 2 spell: Searing Ray
   956 | D:1      | Reached XP level 3. HP: 26/26 MP: 3/6
  1394 | D:2      | Noticed Terence
  1604 | D:2      | Reached XP level 4. HP: 33/33 MP: 5/8
  1938 | D:2      | Found a faded altar of an unknown god.
  2143 | D:2      | Found a runed translucent door.
  2144 | D:2      | Noticed Crazy Yiuf
  2432 | D:3      | Noticed Grinder
  2571 | D:3      | Reached skill level 5 in Conjurations
  2572 | D:3      | Reached XP level 5. HP: 38/38 MP: 5/9
  3143 | D:4      | Reached XP level 6. HP: 8/45 MP: 8/12
  3887 | D:5      | Entered Level 5 of the Dungeon
  4703 | D:5      | Noticed an ice beast
  4717 | D:5      | Killed an ice beast
  4718 | D:5      | Your scales start taking on a pale cyan-grey colour.
  4718 | D:5      | Reached XP level 7. HP: 50/50 MP: 1/14
  4718 | D:5      | Gained mutation: You are immune to the effects of steam.
                  | [Pale Draconian growth]
  4976 | D:5      | Reached skill level 5 in Spellcasting
  5565 | D:6      | Noticed a queen bee
  5568 | D:6      | Found a transporter.
  5572 | D:6      | Found a transporter.
  5573 | D:6      | Noticed a hornet
  5606 | D:6      | Noticed Shayle's ghost (novice DsRe)
  5802 | D:6      | Noticed Menkaure
  5811 | D:6      | Killed Menkaure
  5812 | D:6      | Reached XP level 8. HP: 57/57 MP: 7/15
  6176 | D:6      | Found a snail-covered altar of Cheibriados.
  6612 | D:7      | Reached skill level 10 in Conjurations
  6612 | D:7      | Reached skill level 1 in Fighting
  6855 | D:7      | Identified the +5 ring mail of the Four Hells {Int+2}
  6865 | D:7      | Reached skill level 1 in Translocations
  6865 | D:7      | Reached skill level 1 in Evocations
  7060 | D:7      | Reached skill level 1 in Hexes
  7137 | D:7      | Noticed Prince Ribbit
  7145 | D:7      | Killed Prince Ribbit
  7146 | D:7      | Reached XP level 9. HP: 69/69 MP: 6/16
  7238 | D:7      | Found a staircase to the Ecumenical Temple.
  7256 | Temple   | Entered the Ecumenical Temple
  7371 | Temple   | Became a worshipper of Vehumet
  7708 | D:7      | Learned a level 4 spell: Fulminant Prism
  7713 | D:7      | Learned a level 4 spell: Iskenderun's Mystic Blast
  8404 | D:8      | Reached * piety under Vehumet
  8404 | D:8      | Offered knowledge of Freeze by Vehumet.
  8408 | D:8      | Noticed a troll
  8430 | D:8      | Killed a troll
  8431 | D:8      | Reached skill level 5 in Fighting
  8431 | D:8      | Reached skill level 5 in Evocations
  8638 | D:8      | Found a glowing golden altar of the Shining One.
  8903 | D:8      | Found an opulent altar of Gozag.
  8903 | D:8      | Found a faded altar of an unknown god.
  8910 | D:8      | Found a sacrificial altar of Ru.
  8912 | D:8      | Found a basalt altar of Yredelemnul.
  8914 | D:8      | Found a blossoming altar of Fedhas.
  9029 | D:9      | Reached skill level 1 in Summonings
  9029 | D:9      | Reached skill level 1 in Air Magic
  9105 | D:9      | Reached XP level 10. HP: 54/81 MP: 6/18
  9692 | D:9      | Offered knowledge of Momentum Strike by Vehumet.
  9695 | D:9      | Reached ** piety under Vehumet
  9962 | D:9      | Reached skill level 5 in Dodging
  9965 | D:9      | Paralysed by a hornet for 1 turns
  9969 | D:9      | Paralysed by a hornet for 3 turns
 10603 | D:10     | Entered Level 10 of the Dungeon
 10603 | D:10     | Found a staircase to the Orcish Mines.
 10607 | D:10     | Identified the +11 spear of Responsibility {protect, rElec}
 11313 | D:10     | Noticed a two-headed ogre
 11317 | D:10     | Reached XP level 11. HP: 75/94 MP: 14/21
 11328 | D:10     | Killed a two-headed ogre
 11713 | D:11     | Noticed a boulder beetle
 11922 | D:2      | Killed Terence
 12010 | D:2      | Killed Crazy Yiuf
 12157 | D:3      | Killed Grinder
 12349 | D:3      | Noticed Sigmund
 12356 | D:3      | Killed Sigmund
 12399 | D:3      | Found Pogieh Iruot's Magic Scroll Boutique.
 12411 | D:3      | Bought a scroll of butterflies for 44 gold pieces
 12411 | D:3      | Bought a scroll of teleportation for 33 gold pieces
 12411 | D:3      | Bought a scroll of magic mapping for 82 gold pieces
 12411 | D:3      | Bought 3 scrolls of identify for 66 gold pieces
 12519 | D:3      | Noticed Ijyb
 12552 | D:3      | Killed Ijyb
 12906 | D:6      | Offered knowledge of Ignite Poison by Vehumet.
 12924 | D:6      | Killed Shayle's ghost
 13271 | D:9      | Upgraded the game from 0.30-a0-381-g6ea064c7b4 to
                  | 0.30-a0-385-gfebfb9b408
 13278 | D:10     | Learned a level 4 spell: Summon Lightning Spire
 13491 | D:10     | Killed a boulder beetle
 13492 | D:10     | Reached skill level 5 in Air Magic
 13577 | D:11     | Reached skill level 10 in Fighting
 13766 | D:11     | Noticed a two-headed ogre
 13780 | D:11     | Killed a two-headed ogre
 13932 | D:11     | Noticed a vault guard
 13956 | D:11     | Reached *** piety under Vehumet
 13963 | D:11     | Killed a vault guard
 14134 | D:11     | Noticed Harold
 14426 | D:11     | Identified the +1 robe of Jiurgh {Harm rElec rPois Dex-4
                  | Stlth-}
 14433 | D:11     | Found a portal to a secret trove of treasure.
 14481 | D:11     | Found a staircase to the Lair.
 14797 | Lair:1   | Entered Level 1 of the Lair of Beasts
 14797 | Lair:1   | Noticed an oklob plant
 15086 | Lair:1   | Killed an oklob plant
 15218 | Lair:1   | You fall into a shaft and drop 1 floor!
 15293 | Lair:2   | Noticed Amaemon
 15688 | Lair:3   | Found a staircase to the Snake Pit.
 15823 | Lair:3   | Offered knowledge of Sticky Flame by Vehumet.
 15824 | Lair:3   | Reached XP level 12. HP: 104/106 MP: 4/22
 16251 | Lair:3   | Noticed Rupert
 16864 | Lair:1   | Reached **** piety under Vehumet
 17111 | Lair:1   | Found a runed translucent gate.
 17112 | Lair:1   | Found a runed translucent gate.
 17112 | Lair:1   | Found a runed translucent gate.
 17113 | Lair:1   | Noticed thurberlil's ghost (journeyman HuSu)
 17113 | Lair:1   | Noticed a nine-headed hydra
 17653 | Lair:2   | Noticed Nergalle
 17668 | Lair:2   | Killed Nergalle
 17950 | Lair:3   | Reached skill level 10 in Evocations
 18098 | Lair:3   | Got the Grimoire of the Feathery Swarm
 18189 | Lair:3   | Offered knowledge of Hailstorm by Vehumet.
 18683 | Lair:2   | Killed Amaemon
 18684 | Lair:2   | Reached skill level 10 in Spellcasting
 18986 | Lair:2   | Found a staircase to the Shoals.
 18992 | Lair:2   | Reached skill level 1 in Shields
 19385 | Lair:3   | Killed Rupert
 19925 | Lair:4   | Found a gate leading to a gauntlet.
 19934 | Gauntlet | Entered a Gauntlet
 19934 | Gauntlet | Found a transporter.
 19946 | Gauntlet | Found a transporter.
 19961 | Gauntlet | Found a transporter.
 19966 | Gauntlet | Found a transporter.
 19969 | Gauntlet | Noticed a balrug
 19981 | Gauntlet | Found a transporter.
 20000 | Gauntlet | Found a transporter.
 20008 | Gauntlet | Noticed a great orb of eyes
 20012 | Gauntlet | Found a transporter.
 20020 | Gauntlet | Found a large runed translucent door.
 20021 | Gauntlet | Found a large runed translucent door.
 20022 | Gauntlet | Found a large runed translucent door.
 20022 | Gauntlet | Found a large runed translucent door.
 20023 | Gauntlet | Found a runed translucent gate.
 20024 | Gauntlet | Found a transporter.
 20024 | Gauntlet | Found a runed translucent gate.
 20025 | Gauntlet | Found a runed translucent gate.
 20026 | Gauntlet | Found a large runed translucent door.
 20026 | Gauntlet | Found a large runed translucent door.
 20027 | Gauntlet | Found a large runed translucent door.
 20028 | Gauntlet | Found a large runed translucent door.
 20039 | Gauntlet | Found a transporter.
 20048 | Gauntlet | Found a transporter.
 20065 | Gauntlet | Found a transporter.
 20083 | Gauntlet | Found a transporter.
 20085 | Gauntlet | Found a transporter.
 20112 | Gauntlet | Found a transporter.
 20112 | Gauntlet | Found a transporter.
 20132 | Gauntlet | Found a transporter.
 20173 | Gauntlet | Found a transporter.
 20175 | Gauntlet | Found a large runed translucent door.
 20176 | Gauntlet | Found a transporter.
 20176 | Gauntlet | Found a large runed translucent door.
 20176 | Gauntlet | Identified the +6 shortbow "Ohir" {vorpal, rF+ Dex+4}
 20179 | Gauntlet | Found a large runed translucent door.
 20179 | Gauntlet | Found a large runed translucent door.
 20182 | Gauntlet | Found a large runed translucent door.
 20182 | Gauntlet | Found a large runed translucent door.
 20182 | Gauntlet | Found a runed translucent door.
 20182 | Gauntlet | Found a runed translucent door.
 20202 | Gauntlet | Found a large runed translucent door.
 20203 | Gauntlet | Found a large runed translucent door.
 20314 | Gauntlet | Gained mutation: Your magical capacity is low. (-10% MP) [a
                  | neqoxec]
 20320 | Gauntlet | Gained mutation: You occasionally lose the ability to drink
                  | potions when taking damage. [a neqoxec]
 20322 | Gauntlet | Paralysed by a chaos spawn for 3 turns
 20605 | Gauntlet | Identified the ring of Votheg {rC- AC+4 Dex+7 Slay+3}
 20605 | Gauntlet | Noticed a minotaur
 20619 | Gauntlet | Shot with an arrow by a minotaur

Illustrated notes

Levels and vault maps discovered:
D:1:      arrival_aquarium_b, layout_loops_ring, serial_shops, shop,
          nicolae_wormholes
D:2:      layout_basic, serial_glass, glass_columns_c, glass_columns_a,
          glass_columns_a, glass_columns_c, basic_ecumenical_altar,
          chequers_serial_rivers_marsh, uniq_terence, uniq_crazy_yiuf_cottage
D:3:      layout_basic, serial_shops, shop, minmay_stone_trees_small,
          uniq_grinder, uniq_sigmund, uniq_ijyb
D:4:      layout_basic, serial_demonic, serial_demonic_e, serial_demonic_g,
          serial_demonic_g, serial_demonic_b, minmay_statues_item,
          minmay_pentomino_pile
D:5:      layout_loops_corners, nicolae_zen_rock_garden
D:6:      layout_loops_ring, lemuel_coloured_pillars_altar,
          gammafunk_ghost_hive, corexii_shack, uniq_menkaure
D:7:      layout_loops_ring, minmay_temple_entry_mist, uniq_prince_ribbit1
D:8:      layout_rooms, chequers_temple_overflow_minitemple,
          mainiacjoe_overflow_chevrons
D:9:      layout_loops_ring, serial_aquarium, aquarium_bridge_square
          [aquarium_subvault_bridge, aquarium_subvault_window,
          aquarium_subvault_window, aquarium_subvault_bridge],
          aquarium_window_fake, aquarium_window_fake, aquarium_view_2e,
          aquarium_view_2d, aquarium_balcony_double_2
D:10:     layout_basic, orc_0_dummy
D:11:     layout_loops_ring, erik_lair_orcish_takeover, enter_trove_5,
          uniq_harold
Temple:   nicolae_temple_superstar
Lair:1:   layout_layer_cave, gammafunk_ghost_hydra_chop,
          nicolae_quartered_pool_impasse, minmay_lair_oklob_items,
          dpeg_stationary_puzzle, infiniplex_staircase_pool_2
Lair:2:   layout_small_grid, minmay_shoals_entry_hut,
          chequers_serial_rivers_small_3, st_stairs_5, uniq_nergalle,
          uniq_amaemon
Lair:3:   layout_cave_pods, minmay_snake_entry_six_corridors, fungi_pond_lemuel,
          nicolae_lair_grove_arrangements, uniq_rupert
Lair:4:   layout_regular_city, gammafunk_ghost_icy, gauntlet_entry_generic,
          lemuel_fruit_fields
Gauntlet: gammafunk_gauntlet_one_two_three [nicolae_gauntlet_swirl,
          gammafunk_gauntlet_arena_open, gammafunk_gauntlet_arena_grid,
          nicolae_gauntlet_arena_t_cross, nicolae_gauntlet_arena_blocks,
          nicolae_gauntlet_arena_quarters,
          minmay_gauntlet_arena_make_your_own_arena,
          gammafunk_gauntlet_arena_spirals, gammafunk_gauntlet_arena_mazey,
          gauntlet_exit_hidden_loot]

Skill      XL: |  1  2  3  4  5  6  7  8  9 10 11 12 |
---------------+-------------------------------------+-----
Stealth        | 2 3 |  3.0
Spellcasting   | 3 4 5 7 10 | 10.3
Conjurations   | 5 6 8 10 | 10.0
Fighting       | 3 5 8 10 | 10.0
Translocations | 1 3 |  3.0
Evocations     | 2 5 8 10 | 10.0
Hexes          | 1 3 |  3.0
Dodging        | 2 5 |  5.0
Summonings     | 2 3 |  3.0
Air Magic      | 2 3 7 |  7.8
Shields        | 2 |  2.8

Action                   |  1- 3 |  4- 6 |  7- 9 | 10-12 || total
-------------------------+-------+-------+-------+-------++-------
Melee: Spear             |    22 |    33 |       |   116 ||   171
       Tailslap          |     1 |     6 |     1 |    19 ||    27
       Dagger            |       |       |    17 |     2 ||    19
       Unarmed           |       |       |       |    29 ||    29
       Punch             |       |       |       |     2 ||     2
 Cast: Magic Dart        |    56 |    66 |    48 |    11 ||   181
       Searing Ray       |     4 |    28 |    47 |    86 ||   165
       Iskenderun's Myst |       |       |    11 |    56 ||    67
       Fulminant Prism   |       |       |       |    18 ||    18
       Summon Lightning  |       |       |       |    78 ||    78
 Abil: Breathe Steam     |       |       |     1 |     4 ||     5
Evoke: Wand              |       |       |       |    10 ||    10
       Tin of tremorston |       |       |       |     1 ||     1
  Use: Potion            |       |     1 |       |     6 ||     7
       Scroll            |       |     4 |     1 |    14 ||    19
 Stab: Paralysed         |       |       |       |     8 ||     8
       Distracted        |       |       |       |     3 ||     3
Armor: Skin              |    10 |    17 |    15 |   104 ||   146
Dodge: Dodged            |    18 |    21 |    43 |   189 ||   271

Table legend: (Time is in decaauts)
 A = Elapsed time spent in this place.
 B = Non-inter-level travel time spent in this place.
 C = Inter-level travel time spent in this place.
 D = Time resting spent in this place.
 E = Time spent auto-exploring this place.
 F = Levels seen in this place.
 G = Mean time per level.
                   A        B        C        D        E       F      G
               +--------+--------+--------+--------+--------+-----+--------+
         Total |  20701 |  19848 |    853 |   3071 |  13742 |  17 | 1217.7 |
       Dungeon |  14943 |  14182 |    761 |   2056 |  10007 |  11 | 1358.5 |
        Temple |    156 |    141 |     15 |      0 |    119 |   1 |  156.0 |
          Lair |   4905 |   4829 |     76 |    706 |   3432 |   4 | 1226.2 |
      Gauntlet |    695 |    695 |      0 |    309 |    183 |   1 |  695.0 |
               +--------+--------+--------+--------+--------+-----+--------+

Top non-repeatable levels by time:
  Lair:3: 2223 daAuts
     D:9: 1601 daAuts
     D:8: 1530 daAuts
     D:5: 1528 daAuts
     D:6: 1500 daAuts
    D:11: 1462 daAuts
  Lair:2: 1410 daAuts
    D:10: 1386 daAuts
     D:2: 1319 daAuts
  Lair:1: 1246 daAuts
     D:4: 1197 daAuts
     D:3: 1193 daAuts
     D:7: 1115 daAuts
     D:1: 1108 daAuts
Gauntlet: 695 daAuts
